Map: Dusk Towers

Players

juhyg - Winner!

  • Race: Zerg Zerg
  • League: Bronze

Crosshair

  • Race: Terran Terran
  • League: Bronze

VOD

Have the link to the VOD?

Description

Time

  • Played on: Feb. 7, 2016, 10:26 p.m.
  • Length: 4:45
Show
View Real Time Build Order
Export as new Build Order

juhyg Zerg - Winner!

Build Orders: Pool First 

Get SALT Encoding   

  12  0:19  Spawning Pool  
  11  0:32  Drone x3  
  14  0:45  Overlord  
  14  1:07  Drone, Extractor  
  14  1:08  Drone  
  14  1:09  Queen  
  17  1:25  Drone  
  17  1:27  Drone  
  19  1:37  Zergling x2  
  20  1:50  Zergling x2  
  21  1:59  Zergling x2  
  22  2:11  Overlord  
  22  2:34  Zergling x6  
  22  2:36  Zergling x2  
  26  3:00  Zergling x8, Baneling Nest  
  26  3:04  Metabolic Boost  
  29  3:21  Zergling x2  
  29  3:23  Overlord  
  30  3:42  Zergling x6  
  30  3:48  Baneling x2  
  33  3:49  Baneling x2  
  33  3:50  Baneling  
  33  4:05  Zergling x6  
  33  4:06  Zergling x2  
  33  4:09  Hatchery  
Show
View Real Time Build Order
Export as new Build Order

Crosshair Terran 

Build Orders:  

Get SALT Encoding   

  12  0:16  Supply Depot  
  12  0:24  SCV  
  12  0:25  Supply Depot  
  13  0:41  Barracks  
  13  0:48  SCV  
  14  0:56  Refinery  
  14  1:00  Refinery  
  14  1:02  SCV  
  15  1:14  SCV  
  16  1:26  SCV  
  17  1:33  Barracks Tech Lab  
  17  1:38  SCV  
  18  1:50  SCV  
  19  2:03  SCV  
  19  2:04  Command Center  
  20  2:15  SCV  
  20  2:16  Concussive Shells  
  20  2:20  Marauder  
  23  2:34  Supply Depot  
  23  2:41  Marine  
  24  2:45  SCV  
  25  2:57  Supply Depot, SCV  
  26  3:01  Marauder  
  28  3:14  Engineering Bay  
  28  3:16  SCV  
  28  3:19  SCV  
  30  3:22  Marine  
  31  3:28  SCV  
  31  3:31  SCV  
  33  3:40  SCV  
  34  3:42  Refinery  
  34  3:43  SCV  
  35  3:52  SCV  
  36  3:56  SCV  
  36  4:02  Factory  
  37  4:04  SCV  
  37  4:07  Marauder  
  37  4:08  SCV  
  41  4:16  SCV  
  42  4:20  SCV  
  43  4:29  SCV  
  39  4:32  SCV  
Tags
 
Add a new tag
Caveats
  • Supply blocks, unpowered buildings, or Contaminate may cause inaccurate times.
  • Supply counts are checked every 10 seconds.